 Dungeon Crawl Stone Soup version 0.30-b1-2-g02819fbbbe (webtiles) character file.

Game seed: 10449074955966994394

541 Sassenached the Trooper (level 6, 0/57 HPs)
             Began as a Demigod Wanderer on May 17, 2023.
             Slain by a gnoll
             ... wielding a +0 flail
              (4 damage)
             ... on level 5 of the Dungeon.
             The game lasted 00:05:39 (3592 turns).

Sassenached the Trooper (Demigod Wanderer)          Turns: 3592, Time: 00:05:39

Health: 0/57       AC:  7    Str: 15    XL:     6   Next: 76%
Magic:  10/10      EV: 10    Int: 15    God:
Gold:   174        SH:  0    Dex: 18    Spells: 6/7 levels left

rFire   + . .        a - +0 quarterstaff
rCold   + . .        (shield currently unavailable)
rNeg    . . .        q - +0 ring mail
rPois   +            (no helmet)
rElec   +            (no cloak)
rCorr   +            e - +1 pair of gloves
SInv    .            (no boots)
Will    .....        (no amulet)
Stlth   +            (no ring)
HPRegen 0.29/turn    (no ring)
MPRegen 0.12/turn

%: no passive effects
@: resistant, attractive, flying
A: high MP 1, forlorn, divine attributes
a: no special abilities


You were on level 5 of the Dungeon.
You visited 1 branch of the dungeon, and saw 5 of its levels.
You also visited: Sewer.

You collected 174 gold pieces.

Inventory:

Hand Weapons
 a - a +0 quarterstaff (weapon)
 d - a +2 scythe of freezing
 m - a +3 whip
Armour
 b - a +0 scale mail
 e - a +1 pair of gloves (worn)
 q - a +0 ring mail (worn)
Jewellery
 k - a ring of positive energy
Scrolls
 n - a scroll of silence
Potions
 c - a potion of might
 f - a potion of cancellation
 g - a potion of curing


   Skills:
 + Level 6.1 Fighting
 - Level 3.1 Staves
 - Level 3.6 Armour
 - Level 1.0 Spellcasting
 - Level 2.6 Poison Magic


You had 6 spell levels left.
You knew the following spells:

 Your Spells              Type           Power      Damage    Failure   Level
a - Sting                 Tmut/Pois      16%        1d3       26%         1

Your spell library contained the following spells:

 Spells                   Type           Power      Damage    Failure   Level
 Cigotuvi's Dreadful Rot  Necr/Pois/Air  6%         N/A       45%         2
 Ignite Poison            Fire/Tmut/Pois 3%         N/A       69%         3
 Call Canine Familiar     Summ           0%         N/A       80%         3
 Portal Projectile        Hex/Tloc       0%         N/A       80%         3
 Leda's Liquefaction      Hex/Erth       0%         N/A       99%         4


Dungeon Overview and Level Annotations

Branches:
Dungeon (4/15)              Sewer (visited)
 Temple: D:4-7

Shops:
D:1 ?[   D:4 [


Innate Abilities, Weirdness & Mutations

You have an increased reservoir of magic. (+10% MP)
You shall have no god before yourself.
Your divine heritage dramatically boosts your attributes as you level up.


Message History

The gnoll is heavily wounded.
The gnoll hits you with a +0 flail.
The gnoll hits you from afar with a +0 spear.
The gnoll misses you.
You hit the gnoll.
The gnoll is severely wounded.
The gnoll misses you. The gnoll hits you with a +0 spear!
* * * LOW HITPOINT WARNING * * *
The gnoll hits you from afar with a +0 spear.
* * * LOW HITPOINT WARNING * * *
You barely miss the gnoll.
The gnoll is severely wounded.
The gnoll closely misses you. The gnoll hits you but does no damage.
The gnoll misses you.
Unknown command.
You closely miss the gnoll.
The gnoll is severely wounded.
The gnoll hits you with a +0 flail.
* * * LOW HITPOINT WARNING * * *
The gnoll hits you from afar with a +0 spear.
* * * LOW HITPOINT WARNING * * *
The gnoll barely misses you.
Unknown command.
Unknown command.
Unknown command.
You sock the gnoll!
You kill the gnoll!
The gnoll closely misses you. The gnoll barely misses you.
The gnoll hits you but does no damage. The gnoll closely misses you.
The gnoll is attracted toward you.
You hit the gnoll.
The gnoll is moderately wounded.
The gnoll misses you. The gnoll barely misses you.
You hit the gnoll.
The gnoll is heavily wounded.
The gnoll closely misses you. x2
You closely miss the gnoll.
The gnoll is heavily wounded.
The gnoll hits you with a +0 flail.
You die...

#..# #.. . ####..# #.##
##. ..##..# #... ..
#.##..# #.#$#.# #.##.)#
#.#... #.##..#####.##.# #
##.##........##.#####.#.#
.......##.......g.......#
##.###.....####.@g....#
#.# #####..............#
#.# #######.###..... #.#
#.# #### #.#### #.#
#....# #.# ####.# #.# #.#
#.# #.#


You could see 2 gnolls.

Vanquished Creatures
  Sigmund (D:2)
  2 bullfrogs (Sewer)
  10 adders
  A gnoll (D:5)
  A shadow imp (D:3)
  An ufetubus (D:5)
  2 dart slugs
  11 ball pythons
  8 bats
  7 endoplasms
  14 giant cockroaches
  3 goblins
  9 hobgoblins
  6 quokkas
  10 frilled lizards
  6 kobolds
  6 rats
98 creatures vanquished.

Vanquished Creatures (collateral kills)
  A jelly (D:5)
1 creature vanquished.

Grand Total: 99 creatures vanquished

Notes
Turn   | Place    | Note
-------+----------+-------------------------------------------
     0 | D:1      | Sassenached the Demigod Wanderer began the quest for the
                  | Orb.
     0 | D:1      | Sassenached set off with the following items: a +0
                  | quarterstaff, a +0 scale mail, a potion of might; and the
                  | following spell memorised: Sting; and the following spells
                  | available to memorise: Cigotuvi's Dreadful Rot, Ignite
                  | Poison.
     0 | D:1      | Reached XP level 1. HP: 16/16 MP: 4/4
   193 | D:1      | Found Qaneptur's Antique Armour Shop.
   196 | D:1      | Reached skill level 2 in Fighting
   212 | D:1      | Reached XP level 2. HP: 24/24 MP: 5/5
   276 | D:1      | Found Yqenoga's Magic Scroll Shoppe.
   441 | D:1      | HP: 1/25 [frozen (4)]
   851 | D:2      | Reached skill level 3 in Fighting
   851 | D:2      | Reached XP level 3. HP: 31/31 MP: 6/6
  1097 | D:2      | Noticed Sigmund
  1104 | D:2      | Killed Sigmund
  1105 | D:2      | Reached skill level 5 in Fighting
  1105 | D:2      | Reached XP level 4. HP: 40/42 MP: 8/8
  1105 | D:2      | Reached XP level 5. HP: 46/48 MP: 9/9
  2081 | D:3      | Found a glowing drain.
  2090 | Sewer    | Entered a sewer
  2400 | Sewer    | Reached XP level 6. HP: 35/56 MP: 10/10
  3219 | D:4      | Found Ehiprac's Antique Armour Boutique.
  3287 | D:4      | You fall into a shaft and drop 1 floor!
  3287 | D:5      | Entered Level 5 of the Dungeon
  3352 | D:5      | Reached skill level 6 in Fighting
  3588 | D:5      | HP: 2/57 [gnoll/+0 spear (4)]
  3592 | D:5      | Slain by a gnoll

Illustrated notes

Levels and vault maps discovered:
D:1:      lemuel_arrival_funnel, layout_basic, serial_shops,
          nicolae_shop_advertising_works [nicolae_subvault_shop_adworks],
          nicolae_shop_trees, minmay_split_cup_small
D:2:      layout_loops_ring, uniq_sigmund
D:3:      minmay_evil_eye, layout_rooms, nicolae_qazlal_beasts_of_the_sky,
          mainiacjoe_overflow_24_doors, portal_sewer_entry_e
D:4:      layout_loops_corners, mainiacjoe_overflow_small_starburst,
          serial_shops, shop, shop
D:5:      layout_loops_ring, gammafunk_ghost_stat_death

Skill      XL: |  1  2  3  4  5  6 |
---------------+-------------------+-----
Fighting       | 2 3 5 6 |  6.1
Staves         | 2 3 |  3.1
Armour         | |  3.6
Spellcasting   | |  1.0
Poison Magic   | |  2.6

Action                     |  1- 3 |  4- 6 || total
---------------------------+-------+-------++-------
  Melee: Quarterstaff      |   103 |   166 ||   269
         Halberd           |       |    13 ||    13
   Cast: Sting             |     4 |    20 ||    24
    Use: Potion            |     2 |     6 ||     8
         Scroll            |     1 |     8 ||     9
   Stab: Sleeping          |     1 |       ||     1
 Armour: Scale mail        |    14 |       ||    14
         Leather armour    |    39 |    16 ||    55
         Ring mail         |       |   134 ||   134
  Dodge: Dodged            |    57 |   153 ||   210
